Unix NetHack Version 5.0.0-0 post-release - last build May 31 2026 23:59:36 (970b52f25bf058293b47ddfd14a1e40e571c508c,branch:main).

Game began 2026-06-09 14:47:57, ended 2026-06-09 22:49:01.

Doran, lawful female human Samurai

                                                                ------------
                                                                |..)....<..|
                                                 aa@#d##########...........|
                                                          ##    ------------
                                                      #C###
                                                      #


                                                  k

Doran the Kunoichi     St:16 Dx:17 Co:18 In:11 Wi:7 Ch:8  Lawful S:6297
Dlvl:8  $:463 HP:0(88) Pw:36(36) AC:0  Xp:8 T:8139  Satiated Burdened

Latest messages:
 The lynx hits!
 The lynx hits again!
 The lynx bites!
 You hit the lynx!
 The lynx hits!
 The lynx hits again!
 The lynx bites!
 The lynx misses!
 The lynx hits!
 The lynx misses!
 You kill the lynx!
 You see here a lynx corpse.
 There is a lynx corpse here; eat it? [ynq] (n) y
 Blecch!  Rotten food!
 The world spins and goes dark.
 You are conscious again.
 There is a partly eaten lynx corpse here; eat it? [ynq] (n) y
 You resume your meal.
 You stop eating the lynx corpse.
 There is a partly eaten lynx corpse here; eat it? [ynq] (n) y
 You resume your meal.
 You stop eating the lynx corpse.
 You hit the fire ant.
 Hachi bites the fire ant.
 The fire ant misses!
 The fire ant bites!
 You're on fire!
 You kill the fire ant!
 You hear water falling on coins.
 You find a hidden passage.
 The fire ant bites!
 The fire ant bites again!
 You're on fire!
 Your candle catches light!
 The fire ant bites!
 The fire ant bites again!
 You're on fire!
 The fire ant bites!
 The fire ant misses!
 You hit the fire ant!
 The fire ant bites!
 The fire ant misses!
 The fire ant misses!
 The fire ant bites!
 You're on fire!
 You die...
 Do you want your possessions identified? [ynq] (y) y
 Do you want to see your attributes? [ynq] (y) y
 Do you want an account of creatures vanquished? [ynaq] (y) y
 Do you want to see your conduct and achievements? [ynq] (y) q

Inventory:
 Coins    ('$')
  $ - 463 gold pieces
 Amulets  ('"')
  j - a blessed amulet of ESP (being worn)
 Weapons  (')')
  m - 21 +0 arrows
  B - 2 blessed +1 elven arrows
  W - 3 +0 elven arrows
  d - 21 +0 ya (in quiver)
  c - a +0 yumi
  z - a +0 elven dagger
  U - a cursed -1 elven dagger
  a - a greased very rusty +0 katana
  R - a +0 long sword (weapon in right hand)
  b - a +0 wakizashi (alternate weapon; not wielded)
 Armor    ('[')
  v - an uncursed +0 cornuthaum
  F - an uncursed greased +0 dwarvish iron helm (being worn)
  i - an uncursed greased +0 pair of elven boots (being worn)
  A - a cursed -2 pair of fumble boots
  q - an uncursed greased +0 cloak of displacement (being worn)
  r - an uncursed greased +0 mummy wrapping
  e - an uncursed greased rustproof +0 splint mail (being worn)
 Comestibles  ('%')
  n - 5 uncursed gunyoki
 Scrolls  ('?')
  N - 2 uncursed scrolls of blank paper
  Q - an uncursed scroll of confuse monster
  w - a cursed scroll of confuse monster
  o - an uncursed scroll of light
  k - an uncursed scroll of teleportation
  t - 2 cursed scrolls of teleportation
 Spellbooks  ('+')
  u - an uncursed spellbook of magic missile
  J - an uncursed spellbook of sleep
 Potions  ('!')
  E - 6 uncursed potions of water
 Wands    ('/')
  s - a wand of create monster (0:14)
  L - a wand of digging (0:4)
  y - a wand of fire (0:0)
  f - a wand of speed monster (0:5)
  l - a wand of speed monster (0:5)
  C - a wand of striking (0:2)
 Tools    ('(')
  h - a can of grease (0:10)
  S - a can of grease (0:4)
  V - a cursed magic lamp
  D - an uncursed osaku
  p - a rustproof +0 pick-axe
  x - an uncursed tin whistle
  T - an uncursed towel
  Z - a +0 unicorn horn
  Y - an uncursed partly used wax candle (lit)
 Gems/Stones  ('*')
  O - an uncursed aquamarine stone
  G - an uncursed fluorite stone
  M - 2 uncursed worthless pieces of black glass
  H - an uncursed worthless piece of green glass
  I - 3 uncursed worthless pieces of orange glass
  P - an uncursed worthless piece of red glass
  g - an uncursed worthless piece of white glass
  K - 2 uncursed worthless pieces of yellowish brown glass

Doran the Samurai's attributes:

Background:
 You were a Kunoichi, a level 8 female human Samurai.
 You were lawful, on a mission for Amaterasu Omikami
 who was opposed by Raijin (neutral) and Susanowo (chaotic).
 You were right-handed.
 You were in the Dungeons of Doom, on level 8.
 You entered the dungeon 8139 turns ago.
 It was nighttime.
 You had 1346 experience points, 1214 more were needed to attain level 9.
 Your score was 6297 before end-of-game adjustments.

Basics:
 You had 0 out of 88 hit points.
 You had all 36 energy points (spell power).
 Your armor class was 0.
 Your wallet contained 463 zorkmids.
 Autopickup was on for '$"?/=+!*' plus thrown, with exceptions.

Final Characteristics:
 Your strength was 16 (limit:18/100).
 Your dexterity was 17 (limit:18).
 Your constitution was 18 (limit:18).
 Your intelligence was 11 (limit:18).
 Your wisdom was 7 (peak:8, limit:18).
 Your charisma was 8 (limit:18).

Final Status:
 You were satiated.
 You were burdened; movement was slightly slowed.
 You were wielding a long sword.
 You had expert skill with long sword.

Final Attributes:
 You were piously aligned.
 You were sleep resistant.
 You were telepathic.
 You were displaced.
 You were stealthy.
 You were warded.
 Your spell casting was impaired by metallic armor.
 You were fast.
 You are dead.

Miscellaneous:
 You encountered 1 bones level.
 Total elapsed playing time was 1 hour, 16 minutes and 56 seconds.

Major events:
 Turn
    1: Doran the lawful female human Samurai entered the dungeon
  453: entered the Gnomish Mines
  641: attained the rank of Ronin (level 3)
 2080: reached Mine Town
 2643: attained the rank of Kunoichi (level 6)
 8139: killed by a fire ant

Spells:
 Name                 Level Category     Fail Retention
 detect monsters        1   divination   100%  76%-100%

Skills:
 Fighting Skills
   martial arts      [Basic]
   two weapon combat [Unskilled]
   riding            [Unskilled]
 Weapon Skills
   dagger            [Unskilled]
   knife             [Unskilled]
   short sword       [Basic]
   broadsword        [Unskilled]
   long sword        [Expert]
   two-handed sword  [Unskilled]
   saber             [Unskilled]
   flail             [Unskilled]
   quarterstaff      [Unskilled]
   polearms          [Unskilled]
   spear             [Unskilled]
   lance             [Unskilled]
   bow               [Basic]
   shuriken          [Unskilled]
 Spellcasting Skills
   attack spells     [Unskilled]
   divination spells [Unskilled]
   clerical spells   [Unskilled]

Voluntary challenges:
 Character rerolling was not enabled.
 You never genocided any monsters.
 You never polymorphed an object.
 You never changed form.
 You used no wishes.
Achievements:
 You entered the Gnomish Mines.
 You attained the rank of Ronin.
 You entered a shop.
 You entered Minetown.
 You entered a temple.
 You attained the rank of Kunoichi.

 The Dungeons of Doom: levels 1 to 8
    Level 1:
    Level 2:
       A fountain.
       Stairs down to The Gnomish Mines.
    Level 3:
       An armor shop, a fountain.
    Level 4:
       A fountain.
    Level 5:
       A general store, a fountain.
    Level 6:
    Level 7:
       Some fountains.
    Level 8: <- You were here.
       Final resting place for
          you, killed by a fire ant.
 The Gnomish Mines: levels 3 to 5
    Level 3:
    Level 4:
    Level 5:
       Many shops, a temple and an altar, some fountains.
       Final resting place for
          Drastanta-Bar-Hum-Mal-Neu, killed by a bolt of fire zapped by a leprechaun,
          bubber-Wiz-Elf-Mal-Cha, killed by a watchman.


Vanquished creatures:
  3 small mimics
  a lynx
  a leprechaun
  a gnome ruler
 an ogre
  a gold golem
  a werewolf
  a lizard
  a blue jelly
  a gray unicorn
  a dust vortex
  a gnome mummy
  a snake
  3 Woodland-elves
  a fire ant
  2 bugbears
  2 water nymphs
  2 Uruk-hai
  2 rock piercers
  2 rock moles
  a pony
  a fog cloud
  4 yellow lights
  a violet fungus
  7 gnome leaders
  a gray ooze
  4 elf zombies
  a ghoul
  a paper golem
  3 giant ants
  3 floating eyes
  6 dwarves
  2 homunculi
  3 hill orcs
  3 rothes
  a rabid rat
  2 giant bats
  a werejackal
  3 iguanas
 11 killer bees
  2 acid blobs
  3 coyotes
  a gas spore
  4 hobbits
  5 manes
  a hobgoblin
  2 giant rats
  a brown mold
  a yellow mold
  2 red molds
 17 gnomes
  a garter snake
  a gnome zombie
  6 geckos
  7 jackals
  2 foxes
  a kobold
  4 goblins
 12 grid bugs
  a bat
  5 lichens
  a kobold zombie
  7 newts
175 creatures vanquished.

No species were genocided or became extinct.

Game over:
                       ----------
                      /          \
                     /    REST    \
                    /      IN      \
                   /     PEACE      \
                  /                  \
                  |      Doran       |
                  |      463 Au      |
                  | killed by a fire |
                  |       ant        |
                  |                  |
                  |                  |
                  |       2026       |
                 *|     *  *  *      | *
        _________)/\\_//(\/(/\)/\//\/|_)_______

Sayonara Doran the Samurai...

You died in The Dungeons of Doom on dungeon level 8 with 6251 points,
and 463 pieces of gold, after 8139 moves.
You were level 8 with a maximum of 88 hit points when you died.

